 Dungeon Crawl Stone Soup version 0.31-a0-246-g8cbcc1cb85 (webtiles) character file.

Game seed: 17009967969718459361

18891 Dittersdorf the Blocker (level 12, -2/81 HPs)
             Began as a Gargoyle Fighter on July 12, 2023.
             Was an Elder of Okawaru.
             Slain by an elephant (8 damage)
             ... on level 2 of the Lair of Beasts.
             The game lasted 00:18:13 (13128 turns).

Dittersdorf the Blocker (Gargoyle Fighter)         Turns: 13128, Time: 00:18:13

Health: -2/81      AC: 35    Str: 22    XL:     12   Next: 63%
Magic:  11/12      EV:  8    Int: 16    God:    Okawaru [****..]
Gold:   430        SH: 11    Dex:  9    Spells: 9/11 levels left

rFire   + . .        h - +5 eveningstar (protect)
rCold   . . .        y - +0 kite shield
rNeg    + . .        A - +3 chain mail {rF+}
rPois   ∞            g - +0 helmet
rElec   +            (no cloak)
rCorr   .            t - +0 pair of gloves
SInv    .            j - +0 pair of boots
Will    +....        (no amulet) Stlth
                     B - ring of willpower
HPRegen 0.33/turn    k - +6 ring of intelligence
MPRegen 0.13/turn

%: no passive effects
@: under a protective aura
A: sickness immunity, AC +8, negative energy resistance 1, electricity
resistance, torment resistance 1, petrification resistance, weak 1
a: Renounce Religion, Heroism, Finesse


You were on level 2 of the Lair of Beasts.
You worshipped Okawaru.
Okawaru was greatly pleased with you.
You visited 3 branches of the dungeon, and saw 14 of its levels.
You visited the Abyss 1 time.
You also visited: Sewer and Ossuary.

You collected 688 gold pieces.
You spent 258 gold pieces at shops.

Inventory:

Hand Weapons
 h - a +5 eveningstar of protection (weapon)
Missiles
 a - 4 curare-tipped darts
 C - a throwing net
Armour
 g - a +0 helmet (worn)
 j - a +0 pair of boots (worn)
 t - a +0 pair of gloves (worn)
 y - a +0 kite shield (worn)
 A - a +3 chain mail of fire resistance (worn)
Jewellery
 e - a ring of flight
 k - a +6 ring of intelligence (right hand)
 B - a ring of willpower (left hand)
 E - a ring of willpower
Wands
 c - a wand of digging (4)
 v - a wand of flame (55)
Scrolls
 b - 2 scrolls of poison
 f - 3 scrolls of identify
 m - 3 scrolls of teleportation
 n - 3 scrolls of fog
 x - 5 scrolls of fear
 z - 3 scrolls of blinking
Potions
 d - 2 potions of might
 i - 5 potions of heal wounds
 l - a potion of cancellation
 o - 2 potions of ambrosia
 p - 7 potions of curing
 q - 3 potions of enlightenment
 r - 5 potions of haste
 s - a potion of invisibility
 u - 5 potions of brilliance
 w - 2 potions of mutation


   Skills:
 + Level 11.8 Fighting
 + Level 10.6 Maces & Flails
 + Level 11.8 Armour
 + Level 11.8 Shields


You had 9 spell levels left.
You knew the following spells:

 Your Spells              Type           Power      Damage    Failure   Level
a - Passwall              Tmut/Erth      0%         N/A       96%         2

Your spell library contained the following spells:

 Spells                   Type           Power      Damage    Failure   Level
 Kiss of Death            Conj/Necr      0%         2d5       88%         1
 Sandblast                Erth           0%         2d4       88%         1
 Wereblood                Tmut           0%         N/A       96%         2
 Confusing Touch          Hex            0%         N/A       99%         3
 Dazzling Flash           Conj/Hex       0%         N/A       99%         3
 Stone Arrow              Conj/Erth      0%         3d7       99%         3
 Dispel Undead            Necr           0%         3d6       100%        4
 Agony                    Necr           0%         N/A       100%        5
 Irradiate                Conj/Tmut      0%         3d11      100%        5
 Silence                  Hex/Air        0%         N/A       100%        5


Dungeon Overview and Level Annotations

Branches:
Dungeon (11/15)            Temple (1/1) D:6            Lair (2/5) D:10
  Sewer (visited)         Ossuary (visited)
  Swamp: Lair:2-3    Shoals: Lair:2-3     Snake: Lair:2-3    Spider: Lair:2-3
    Orc: D:9-12

Altars:
Ashenzari
Cheibriados
Dithmenos
Elyvilon
Fedhas
Gozag
Hepliaklqana
Kikubaaqudgha
Makhleb
Nemelex Xobeh
Okawaru
Qazlal
Ru
Sif Muna
Trog
Uskayaw
Vehumet
Wu Jian
Xom
Yredelemnul
Zin
The Shining One

Shops:
D:3 [   D:7 ![[*[


Innate Abilities, Weirdness & Mutations

You are immune to sickness and miasma.
Your stone body is resilient. (AC +8)
You are immune to poison.
You resist negative energy. (rN+)
You are resistant to electric shocks. (rElec)
You are resistant to unholy torment.
You are immune to petrification.
You are weak. (Str -2)


Message History

The elephant barely misses you.
The elephant trunk-slaps you but does no damage.
You hit the elephant but do no damage.
The elephant is heavily wounded.
The elephant tramples you!
* * * LOW HITPOINT WARNING * * *
You hold your ground!
You block the elephant's attack.
You bludgeon the elephant!!
The elephant is almost dead.
The elephant tramples you but does no damage.
You block the elephant's attack.
You bludgeon the elephant!!
You kill the elephant!
Okawaru accepts your kill.
You feel like a meek peon again.
The elephant tramples you but does no damage.
The elephant trunk-slaps you but does no damage.
Things that are here:
an elephant corpse; an elephant corpse; an elephant corpse You hit the elephant.
The elephant is lightly wounded.
The elephant tramples you but does no damage.
The elephant trunk-slaps you.
* * * LOW HITPOINT WARNING * * *
You hit the elephant.
The elephant is lightly wounded.
You block the elephant's attack.
The elephant trunk-slaps you but does no damage.
You hit the elephant.
The elephant is lightly wounded.
The elephant tramples you!
* * * LOW HITPOINT WARNING * * *
You hold your ground!
The elephant trunk-slaps you but does no damage.
The elephant tramples you but does no damage.
The elephant barely misses you.
You hit the elephant.
The elephant is lightly wounded.
The elephant tramples you!
You die...

P.....+....##.P
P.....#....#..######
#.....#...#........#
......'...##......# ....
#.....#......<....# ....
......#...##......# .....
#..>..#...#.......# .....
......#...#...P.#.# ......
#.#P..#...#..P..@###.Y....
................Y.........
..................).......
.#..#.#..##.###P#.#.P#####
############ ######## #


You could see an elephant.

Vanquished Creatures
  Erolcha (D:9)
  Harold (D:10)
  The ghost of petzl the Covert, a journeyman FoDe of Vehumet (D:9)
  Erica (D:9)
  A boulder beetle (Lair:2)
  2 two-headed ogres
  A cyclops (D:11)
  A manticore (D:11)
  7 elephants
  2 black mambas (Lair:2)
  2 cane toads
  An unseen horror (D:10)
  2 komodo dragons
  2 kobold demonologists (D:11)
  A troll (D:11)
  5 blink frogs (Lair:1)
  Sigmund (D:2)
  11 yaks (Lair:1)
  3 wyverns
  A basilisk (Lair:1)
  A steam dragon (D:6)
  6 water moccasins
  3 orc warriors
  2 ice beasts
  A sky beast (D:6)
  3 ogres
  3 centaurs
  9 bullfrogs
  3 kobold brigands
  3 scorpions
  A gnoll sergeant (D:10)
  12 wights
  8 killer bees
  9 howler monkeys
  A jelly (D:6)
  3 hounds
  9 orc priests
  A gnoll bouda (D:5)
  Jessica (D:2)
  3 sleepcaps
  6 iguanas
  Natasha (thrice) (D:2)
  12 orc wizards
  12 mummies
  10 gnolls
  11 adders
  2 white imps
  3 dart slugs
  46 orcs
  4 bats
  6 endoplasms
  11 giant cockroaches
  8 goblins
  7 hobgoblins
  9 jackals
  3 quokkas
  13 ball pythons
  8 frilled lizards
  2 goblin skeletons (Ossuary)
  A hobgoblin zombie (D:5)
  24 kobolds
  2 kobold skeletons (Ossuary)
  4 orc skeletons (Ossuary)
  An orc zombie (D:5)
  6 rats
  11 rat skeletons (Ossuary)
354 creatures vanquished.

Vanquished Creatures (others)
  A quokka (D:1)
1 creature vanquished.

Grand Total: 355 creatures vanquished

Notes
Turn   | Place    | Note
-------+----------+-------------------------------------------
     0 | D:1      | Dittersdorf the Gargoyle Fighter began the quest for the
                  | Orb.
     0 | D:1      | Reached XP level 1. HP: 14/14 MP: 1/1
    60 | D:1      | Reached XP level 2. HP: 13/19 MP: 2/2
   367 | D:1      | Reached XP level 3. HP: 23/23 MP: 3/3
   517 | D:2      | Noticed Natasha
   522 | D:2      | Killed Natasha
   547 | D:2      | Noticed Sigmund
   556 | D:2      | Killed Sigmund
   557 | D:2      | Reached XP level 4. HP: 30/30 MP: 4/4
   557 | D:2      | Reached XP level 5. HP: 34/34 MP: 5/5
   597 | D:2      | Found a faded altar of an unknown god.
   598 | D:2      | Noticed Natasha
   610 | D:2      | Killed Natasha
   611 | D:2      | Reached XP level 6. HP: 20/39 MP: 6/6
   795 | D:2      | Noticed Jessica
   798 | D:2      | Killed Jessica
   815 | D:2      | Noticed Natasha
   820 | D:2      | Killed Natasha
  1388 | D:3      | Found Fauwk's Antique Armour Shoppe.
  1614 | D:3      | Reached skill level 5 in Fighting
  1614 | D:3      | Reached skill level 5 in Armour
  1864 | D:3      | Reached skill level 5 in Shields
  2013 | D:3      | Reached XP level 7. HP: 44/44 MP: 7/7
  2600 | D:4      | Found a sacrificial altar of Ru.
  3262 | D:5      | Entered Level 5 of the Dungeon
  3464 | D:5      | Found a sand-covered staircase.
  3466 | D:5      | Reached XP level 8. HP: 51/51 MP: 8/8
  3469 | Ossuary  | Entered an ossuary
  3874 | Ossuary  | Reached skill level 5 in Maces & Flails
  3968 | D:5      | Found a glowing drain.
  3977 | Sewer    | Entered a sewer
  4472 | D:5      | Noticed a wyvern
  4477 | D:5      | Killed a wyvern
  4817 | D:6      | Reached XP level 9. HP: 56/56 MP: 9/9
  5483 | D:6      | Found a staircase to the Ecumenical Temple.
  6045 | D:7      | Found Wuankoobee's General Store.
  6045 | D:7      | Found Ohad's Armour Shop.
  6059 | D:7      | Bought a +2 chain mail of fire resistance for 258 gold
                  | pieces
  6186 | D:7      | Found a sparkling altar of Nemelex Xobeh.
  6310 | D:7      | Found Xiogops's Antique Armour Shoppe.
  6350 | D:7      | Found Ighomigh's Distillery.
  6428 | D:7      | Identified the +3 flail of Arghoita {heavy, rCorr Int+6}
  6512 | D:7      | Found a bloodstained altar of Trog.
  6650 | D:7      | Found Yqeroow's Antique Armour Shoppe.
  6805 | D:8      | Reached XP level 10. HP: 50/64 MP: 10/10
  7241 | D:8      | Found a stormy altar of Qazlal.
  7277 | D:8      | Found an ornate altar of the Wu Jian Council.
  7281 | D:8      | Found a shimmering altar of Xom.
  7523 | D:9      | Noticed Erolcha
  7530 | Abyss:1  | Cast into level 1 of the Abyss (Erolcha)
  7576 | D:9      | Escaped the Abyss
  7585 | D:9      | Killed Erolcha
  7635 | D:9      | Noticed Erica
  7655 | D:9      | Killed Erica
  8239 | D:9      | Noticed a two-headed ogre
  8246 | D:9      | Killed a two-headed ogre
  8383 | D:9      | Noticed petzl's ghost (journeyman FoDe)
  8518 | D:9      | Found a runed translucent door.
  8667 | D:9      | Killed petzl's ghost
  8668 | D:9      | Reached XP level 11. HP: 59/71 MP: 11/11
  8724 | D:10     | Entered Level 10 of the Dungeon
  8740 | D:10     | Found a staircase to the Lair.
  9341 | D:10     | Reached skill level 10 in Shields
  9436 | D:10     | Noticed Harold
  9453 | D:10     | Killed Harold
  9454 | D:10     | Reached skill level 10 in Fighting
  9454 | D:10     | Reached skill level 10 in Armour
 10005 | Temple   | Entered the Ecumenical Temple
 10101 | Temple   | Became a worshipper of Warmaster Okawaru
 10321 | D:11     | Learned a level 2 spell: Passwall
 10392 | D:11     | Found a glowing golden altar of the Shining One.
 10394 | D:11     | Found a shimmering altar of Xom.
 10394 | D:11     | Found a burning altar of Makhleb.
 10396 | D:11     | Found a hazy altar of Hepliaklqana.
 10396 | D:11     | Found an opulent altar of Gozag.
 10396 | D:11     | Found a blossoming altar of Fedhas.
 10412 | D:11     | Noticed a manticore
 10420 | D:11     | Killed a manticore
 10505 | D:11     | Noticed a two-headed ogre
 10513 | D:11     | Killed a two-headed ogre
 10513 | D:11     | Reached * piety under Okawaru
 10673 | D:11     | Noticed a cyclops
 10681 | D:11     | Killed a cyclops
 11095 | D:11     | Gained mutation: You are weak. (Str -2) [a neqoxec]
 11505 | Lair:1   | Entered Level 1 of the Lair of Beasts
 11534 | Lair:1   | Reached ** piety under Okawaru
 11721 | Lair:1   | Reached XP level 12. HP: 69/79 MP: 12/12
 11901 | Lair:1   | Reached *** piety under Okawaru
 11916 | Lair:1   | Reached skill level 10 in Maces & Flails
 12247 | Lair:1   | Reached **** piety under Okawaru
 12980 | Lair:2   | Noticed a boulder beetle
 13021 | Lair:2   | Killed a boulder beetle
 13128 | Lair:2   | Slain by an elephant

Illustrated notes

Levels and vault maps discovered:
D:1:      matt_arrival_diagonals, layout_basic
D:2:      layout_basic, shapermc_ecumenical_altar_flowoftime, uniq_sigmund,
          uniq_jessica, uniq_natasha
D:3:      layout_basic, serial_shops, nicolae_shop_waterfront,
          minmay_misc_feat_tower
D:4:      layout_basic, nicolae_ru_sacrificial_ziggurat
D:5:      layout_gridville, nicolae_ossuary_entry_giza, portal_sewer_entry_d
D:6:      layout_layer_cave, minmay_temple_entry_purple_smoke,
          corexii_checkpoint_a
D:7:      layout_gridville, nemelex_dance_club_becter, serial_shops, shop, shop,
          nicolae_shop_window_shopping, nicolae_shop_gibbet_a_chance, shop,
          david_defended_altar_orc
D:8:      layout_loops_ring, nicolae_qazlal_style_of_elements,
          mainiacjoe_overflow_catwalk_spiral
D:9:      layout_roguey, hellmonk_ghost_happy_afterlife, nicolae_sextant,
          uniq_erolcha, uniq_erica
D:10:     layout_small_grid, david_lair_shrubbed, uniq_harold
D:11:     layout_stronghold, doesnt_xom_only_xom
Temple:   minmay_temple_bridge_d
Lair:1:   layout_gridlike, infiniplex_staircase_pool_2
Lair:2:   layout_regular_city, elwin_shoals_entry_rooms,
          nicolae_spider_entry_tight_spaces, gauntlet_entry_generic

Skill      XL: |  1  2  3  4  5  6  7  8  9 10 11 12 |
---------------+-------------------------------------+-----
Fighting       | 4 5 6 8 9 10 11 | 11.8
Maces & Flails | 3 4 5 7 8 9 10 | 10.6
Armour         | 4 5 6 8 9 10 11 | 11.8
Shields        | 4 5 6 8 9 11 | 11.8

Action                     |  1- 3 |  4- 6 |  7- 9 | 10-12 || total
---------------------------+-------+-------+-------+-------++-------
  Melee: Flail             |    31 |       |       |       ||    31
         Eveningstar       |    40 |   124 |   471 |   565 ||  1200
 Invoke: Heroism           |       |       |       |     1 ||     1
    Use: Scroll            |       |       |    20 |     8 ||    28
         Potion            |       |       |       |     2 ||     2
 Armour: Scale mail        |    47 |    94 |   289 |       ||   430
         Chain mail        |       |       |    62 |   486 ||   548
  Dodge: Dodged            |    45 |    74 |   241 |   268 ||   628
  Block: Buckler           |    18 |    42 |    98 |       ||   158
         Kite shield       |       |       |    65 |   389 ||   454

Table legend: (Time is in decaauts)
 A = Elapsed time spent in this place.
 B = Non-inter-level travel time spent in this place.
 C = Inter-level travel time spent in this place.
 D = Time resting spent in this place.
 E = Time spent auto-exploring this place.
 F = Levels seen in this place.
 G = Mean time per level.
                   A        B        C        D        E       F      G
               +--------+--------+--------+--------+--------+-----+--------+
         Total |  13446 |  12576 |    870 |   1012 |   8599 |  18 |  747.0 |
       Dungeon |  10903 |  10163 |    740 |    735 |   7196 |  11 |  991.2 |
        Temple |    170 |     69 |    101 |      0 |     61 |   1 |  170.0 |
          Lair |   1642 |   1614 |     28 |    277 |    926 |   2 |  821.0 |
         Abyss |     45 |     45 |      0 |      0 |     27 |   2 |   22.5 |
         Sewer |    223 |    223 |      0 |      0 |     96 |   1 |  223.0 |
       Ossuary |    461 |    461 |      0 |      0 |    293 |   1 |  461.0 |
               +--------+--------+--------+--------+--------+-----+--------+

Top non-repeatable levels by time:
  Lair:1: 1492 daAuts
     D:9: 1388 daAuts
     D:6: 1342 daAuts
    D:10: 1175 daAuts
    D:11: 1065 daAuts
     D:4: 1055 daAuts
     D:2: 931 daAuts
     D:5: 929 daAuts
     D:3: 883 daAuts
     D:7: 821 daAuts
     D:8: 762 daAuts
     D:1: 547 daAuts
 Ossuary: 461 daAuts
   Sewer: 223 daAuts
  Temple: 170 daAuts
